 Dungeon Crawl Stone Soup version 0.26-a0-1145-gf5f8a83f67 (webtiles) character file.

Game seed: 4244838642947471026

1846 Adamkad1 the Chiller (level 9, -2/64 (66) HPs)
             Began as a Gnoll Ice Elementalist on Dec 22, 2020.
             Was an Initiate of Gozag.
             Slain by a wight
             ... wielding a cursed +3 dire flail
              (9 damage)
             ... on level 6 of the Dungeon.
             The game lasted 00:11:06 (6786 turns).

Adamkad1 the Chiller (Gnoll Ice Elementalist)       Turns: 6786, Time: 00:11:07

HP:   -2/64 (66)    AC: 12    Str: 15 (16) XL:     9   Next: 12%
MP:   18/18         EV: 15    Int: 16 (18) God:    Gozag
Gold: 287           SH:  0    Dex: 12 (15) Spells: 9/20 levels left

rFire    . . .     SeeInvis .   A - +1 flail (protect)
rCold    . . .     Faith    .   (no shield)
rNeg     . . .     Spirit   .   a - +0 robe
rPois    .         Reflect  .   (no helmet)
rElec    .         Harm     .   (no cloak)
rCorr    +         Rampage  .   u - +0 pair of gloves
Will     .....                  (no boots)
Stlth    +++.......             j - amulet of magic regeneration
HPRegen  0.20/turn              k - ring of resist corrosion
MPRegen  0.41/turn              (no ring)

@: mighty, icy armour, about to teleport, gold aura, attractive, hasted, lightly
drained, very quick
A: distributed training, fangs 1, rugged brown scales 1, mutation resistance 1,
strong 1, strong nose
a: Renounce Religion, Potion Petition, Call Merchant, Bribe Branch


You were on level 6 of the Dungeon.
You worshipped Gozag.
Gozag was aware of your devotion.
You visited 2 branches of the dungeon, and saw 7 of its levels.

You collected 372 gold pieces.
You paid 85 gold pieces to Gozag.

Inventory:

Hand Weapons
 i - a +0 short sword
 v - a +3 short sword
 A - a +1 flail of protection (weapon)
Missiles
 r - 3 boomerangs
Armour
 a - a +0 robe (worn)
 u - a +0 pair of gloves (worn)
Jewellery
 b - an uncursed amulet of guardian spirit
 j - an amulet of magic regeneration (around neck)
 k - a ring of resist corrosion (left hand)
 t - an uncursed amulet of the acrobat
 B - a +6 ring of strength {unknown}
 C - a +6 ring of dexterity {unknown}
Wands
 p - a wand of enslavement (11)
 y - a wand of acid (7)
Scrolls
 c - a scroll of teleportation
 d - 3 scrolls of remove curse
 e - a scroll of fog
 h - 7 scrolls of identify
 l - 2 scrolls of enchant weapon {unknown}
 n - 3 scrolls of enchant armour {unknown}
 q - a scroll of random uselessness {unknown}
 x - 2 scrolls of magic mapping {unknown}
Potions
 f - 2 potions of haste
 m - 4 potions of degeneration
 w - a potion of attraction


   Skills:
 + Level 3.9 Fighting
 + Level 3.9 Short Blades
 + Level 3.9 Long Blades
 + Level 3.9 Axes
 + Level 3.9 Maces & Flails
 + Level 3.9 Polearms
 + Level 3.9 Staves
 + Level 3.9 Slings
 + Level 3.9 Bows
 + Level 3.9 Crossbows
 + Level 3.9 Throwing
 + Level 3.9 Armour
 + Level 6.1 Dodging
 + Level 5.8 Stealth
 + Level 3.9 Shields
 + Level 3.9 Unarmed Combat
 + Level 6.4 Spellcasting
 + Level 3.2 Conjurations
 + Level 3.2 Hexes
 + Level 3.2 Summonings
 + Level 3.2 Necromancy
 + Level 3.2 Translocations
 + Level 3.2 Transmutations
 + Level 3.2 Fire Magic
 + Level 7.9 Ice Magic
 + Level 3.2 Air Magic
 + Level 3.2 Earth Magic
 + Level 3.2 Poison Magic
 + Level 4.3 Invocations
 + Level 3.9 Evocations


You had 9 spell levels left.
You knew the following spells:

 Your Spells              Type           Power        Failure   Level
a - Freeze                Ice            100%         1%          1
b - Frozen Ramparts       Ice            60%          1%          3
c - Ozocubu's Armour      Ice            30%          1%          3
d - Hailstorm             Conj/Ice       22%          13%         4

Your spell library contained the following spells:

 Spells                   Type           Power        Failure   Level
 Corona                   Hex            16%          3%          1
 Foxfire                  Conj/Fire      60%          3%          1
 Slow                     Hex            15%          5%          2
 Confusing Touch          Hex            15%          11%         3
 Conjure Flame            Conj/Fire      15%          11%         3
 Gell's Gravitas          Tloc           7%           11%         3
 Inner Flame              Hex/Fire       15%          11%         3
 Portal Projectile        Hex/Tloc       30%          11%         3
 Summon Ice Beast         Ice/Summ       22%          13%         4
 Cause Fear               Hex            7%           34%         4
 Leda's Liquefaction      Hex/Erth       7%           34%         4
 Petrify                  Tmut/Erth      15%          34%         4
 Sticky Flame             Conj/Fire      15%          34%         4
 Metabolic Englaciation   Hex/Ice        11%          36%         5
 Fireball                 Conj/Fire      7%           67%         5
 Yara's Violent Unravell  Hex/Tmut       7%           67%         5


Dungeon Overview and Level Annotations

Branches:
Dungeon (6/15)             Temple (1/1) D:5

Altars:
Elyvilon
Gozag
Hepliaklqana
Kikubaaqudgha
Nemelex Xobeh
Trog
Xom
Yredelemnul
The Shining One

Annotations:
D:3 1 runed translucent door, Froggeryz's ghost, weakling HaGl


Innate Abilities, Weirdness & Mutations

Your experience applies equally to all skills.
You have very sharp teeth.
Your uncanny sense of smell can sniff out nearby items.
You are partially covered in rugged brown scales. (AC +1, +3% HP)
You are somewhat resistant to further mutation.
Your muscles are strong. (Str +2)


Message History

The wight hits you from afar with a +0 halberd.
* * * LOW HITPOINT WARNING * * *
You feel better.
You feel less invigorated. The wight barely misses you.
The wight completely resists.
The wall freezes the wight but do no damage.
The wight barely misses you.
Unknown command.
As you read the scroll of teleportation, it crumbles to dust.
You feel strangely unstable.
The frozen ramparts melt away.
The wight hits you but does no damage. x3
Your icy armour will break if you move.
Continue?
Okay, then.
The wight closely misses you. x2; The wight misses you.
The wight hits you from afar with a +0 halberd.
* * * LOW HITPOINT WARNING * * *
The wight closely misses you. The wight hits you with a +2 falchion!
* * * LOW HITPOINT WARNING * * *
The wight hits you with a cursed +3 dire flail!
You die...
Your body crumbles into a pile of gold.

#.......# #.......#
#....<..# ####.####
##..#### #..###..
#.#....#
############[#.####
#!@z...≈.$.#.#.#
#..zz..>..$#...# #
#.........$...## #
#...........###
#>..........#
#.....>......[
##########.###.∆
#.# ∆ #.#


You could see 3 wights.

Vanquished Creatures
  Edmund (D:5)
  4 sky beasts
  2 ogres
  2 centaurs (D:5)
  A big kobold (D:5)
  3 scorpions
  An orc priest (D:3)
  5 hounds
  2 iguanas
  An orc wizard (D:3)
  6 worker ants
  4 hound skeletons
  11 gnolls
  A howler monkey skeleton (D:4)
  10 adders
  2 shadow imps
  A white imp (D:5)
  An ufetubus (D:5)
  4 oozes
  3 worms
  2 dart slugs
  6 leopard geckos
  10 orcs
  13 bats
  10 giant cockroaches
  12 goblins
  11 hobgoblins
  A jackal (D:1)
  A quokka (D:2)
  A ball python (D:4)
  6 frilled lizards
  14 kobolds
  A leopard gecko skeleton (D:4)
  A quokka skeleton (D:4)
  8 rats
162 creatures vanquished.

Notes
Turn   | Place    | Note
-------+----------+-------------------------------------------
     0 | D:1      | Adamkad1 the Gnoll Ice Elementalist began the quest for the
                  | Orb.
     0 | D:1      | Reached XP level 1. HP: 13/13 MP: 6/6
     2 | D:1      | Found a runed translucent door.
   171 | D:1      | Reached XP level 2. HP: 19/19 MP: 5/7
   640 | D:1      | Reached XP level 3. HP: 25/25 MP: 5/9
   684 | D:1      | Reached skill level 5 in Spellcasting
   941 | D:1      | Reached skill level 1 in Invocations
  1009 | D:1      | Reached skill level 1 in Fighting
  1009 | D:1      | Reached skill level 1 in Short Blades
  1009 | D:1      | Reached skill level 1 in Long Blades
  1009 | D:1      | Reached skill level 1 in Axes
  1009 | D:1      | Reached skill level 1 in Maces & Flails
  1009 | D:1      | Reached skill level 1 in Polearms
  1009 | D:1      | Reached skill level 1 in Staves
  1009 | D:1      | Reached skill level 1 in Slings
  1009 | D:1      | Reached skill level 1 in Bows
  1009 | D:1      | Reached skill level 1 in Crossbows
  1009 | D:1      | Reached skill level 1 in Throwing
  1009 | D:1      | Reached skill level 1 in Armour
  1009 | D:1      | Reached skill level 1 in Shields
  1009 | D:1      | Reached skill level 1 in Unarmed Combat
  1009 | D:1      | Reached skill level 1 in Evocations
  1310 | D:1      | Learned a level 3 spell: Frozen Ramparts
  1314 | D:1      | Learned a level 3 spell: Ozocubu's Armour
  1429 | D:2      | Reached XP level 4. HP: 32/32 MP: 4/11
  1582 | D:2      | Reached skill level 1 in Conjurations
  1582 | D:2      | Reached skill level 1 in Hexes
  1582 | D:2      | Reached skill level 1 in Summonings
  1582 | D:2      | Reached skill level 1 in Necromancy
  1582 | D:2      | Reached skill level 1 in Translocations
  1582 | D:2      | Reached skill level 1 in Transmutations
  1582 | D:2      | Reached skill level 1 in Fire Magic
  1582 | D:2      | Reached skill level 1 in Air Magic
  1582 | D:2      | Reached skill level 1 in Earth Magic
  1582 | D:2      | Reached skill level 1 in Poison Magic
  1679 | D:2      | Reached XP level 5. HP: 30/37 MP: 2/12
  2056 | D:2      | Learned a level 4 spell: Hailstorm
  2794 | D:3      | Found a runed translucent door.
  2794 | D:3      | Noticed Froggeryz's ghost (weakling HaGl)
  2904 | D:3      | Reached XP level 6. HP: 44/44 MP: 4/14
  2959 | D:3      | Reached skill level 5 in Dodging
  3868 | D:4      | Reached XP level 7. HP: 48/50 MP: 9/15
  4503 | D:4      | Reached skill level 5 in Stealth
  4700 | D:4      | You fall into a shaft and drop 1 floor!
  4700 | D:5      | Entered Level 5 of the Dungeon
  5140 | D:5      | Reached XP level 8. HP: 55/57 MP: 10/16
  5541 | D:5      | Found a staircase to the Ecumenical Temple.
  5567 | Temple   | Entered the Ecumenical Temple
  5600 | Temple   | Became a worshipper of Gozag Ym Sagoz the Greedy
  6039 | D:5      | Noticed Edmund
  6053 | D:5      | Killed Edmund
  6747 | D:6      | Reached XP level 9. HP: 65/65 MP: 18/18
  6777 | D:6      | Gained mutation: Your muscles are strong. (Str +2) [potion
                  | of mutation]
  6777 | D:6      | Gained mutation: You are partially covered in rugged brown
                  | scales. (AC +1, +3% HP) [potion of mutation]
  6777 | D:6      | Gained mutation: You are somewhat resistant to further
                  | mutation. [potion of mutation]
  6786 | D:6      | Slain by a wight

Illustrated notes

Levels and vault maps discovered:
D:1:      dpeg_arrival_caged_fury, layout_basic
D:2:      layout_loops_ring, minmay_pentomino_pile
D:3:      layout_loops_cross, ebering_ghost_inner_flame, minmay_ruptured
D:4:      layout_loops_ring, minmay_box_of_dots
D:5:      layout_loops_cross, minmay_temple_entry_antechambers,
          dk_noncrumbling_2, chequers_serial_rivers_small_3, uniq_edmund
D:6:      layout_rooms
Temple:   regret_index_temple_sigil_plot

Skill      XL: |  1  2  3  4  5  6  7  8 |
---------------+-------------------------+-----
Spellcasting   | 5 6 |  6.4
Invocations    | 1 2 3 4 |  4.3
Fighting       | 1 2 3 |  3.9
Short Blades   | 1 2 3 |  3.9
Long Blades    | 1 2 3 |  3.9
Axes           | 1 2 3 |  3.9
Maces & Flails | 1 2 3 |  3.9
Polearms       | 1 2 3 |  3.9
Staves         | 1 2 3 |  3.9
Slings         | 1 2 3 |  3.9
Bows           | 1 2 3 |  3.9
Crossbows      | 1 2 3 |  3.9
Throwing       | 1 2 3 |  3.9
Armour         | 1 2 3 |  3.9
Shields        | 1 2 3 |  3.9
Unarmed Combat | 1 2 3 |  3.9
Evocations     | 1 2 3 |  3.9
Conjurations   | 1 2 3 |  3.2
Hexes          | 1 2 3 |  3.2
Summonings     | 1 2 3 |  3.2
Necromancy     | 1 2 3 |  3.2
Translocations | 1 2 3 |  3.2
Transmutations | 1 2 3 |  3.2
Fire Magic     | 1 2 3 |  3.2
Air Magic      | 1 2 3 |  3.2
Earth Magic    | 1 2 3 |  3.2
Poison Magic   | 1 2 3 |  3.2
Dodging        | 5 6 |  6.1
Stealth        | 5 |  5.8
Ice Magic      | |  7.9

Action                   |  1- 3 |  4- 6 |  7- 9 || total
-------------------------+-------+-------+-------++-------
Melee: Unarmed           |    25 |       |       ||    25
       Bite              |     3 |     5 |    15 ||    23
       Punch             |     1 |       |       ||     1
       Short sword       |       |    55 |    80 ||   135
       Flail             |       |       |    32 ||    32
 Cast: Freeze            |    50 |    62 |    30 ||   142
       Frozen Ramparts   |       |     9 |    18 ||    27
       Ozocubu's Armour  |       |     4 |    16 ||    20
  Use: Scroll            |       |     5 |     3 ||     8
       Potion            |       |       |     8 ||     8
 Stab: Sleeping          |       |     6 |     5 ||    11
       Distracted        |       |     1 |       ||     1
Armor: Robe              |    15 |     9 |    39 ||    63
Dodge: Dodged            |    60 |    73 |   130 ||   263

Table legend: (Time is in decaauts)
 A = Elapsed time spent in this place.
 B = Non-inter-level travel time spent in this place.
 C = Inter-level travel time spent in this place.
 D = Time resting spent in this place.
 E = Time spent auto-exploring this place.
 F = Levels seen in this place.
 G = Mean time per level.
                   A        B        C        D        E       F      G
               +--------+--------+--------+--------+--------+-----+--------+
         Total |   6785 |   6602 |    183 |   1805 |   3591 |   7 |  969.3 |
       Dungeon |   6733 |   6567 |    166 |   1805 |   3564 |   6 | 1122.2 |
        Temple |     51 |     34 |     17 |      0 |     27 |   1 |   51.0 |
               +--------+--------+--------+--------+--------+-----+--------+

Top non-repeatable levels by time:
     D:5: 1778 daAuts
     D:1: 1414 daAuts
     D:2: 1213 daAuts
     D:3: 1070 daAuts
     D:4: 999 daAuts
     D:6: 257 daAuts
  Temple: 51 daAuts
